Cogmind - Beta 11.2 @@@ ROGUE MODE // 2022.12.31 @ 01:17:20 Player: deadnoob Result: Destroyed self with Firepult Performance ------------- Evolutions (0) 0 Regions Visited (4) 800 Robots Destroyed (2) 10 Value Destroyed (16) 16 Prototype IDs (23) 460 Alien Tech Used (0) 0 Bonus (300) 300 TOTAL SCORE: 1586 Bonus ------- Aligned with FarCom 300 Cogmind --------- Core Integrity 0/250 Matter 257/300 Energy 4/100 System Corruption 0% Temperature Cool (40) Movement Core (400) Ox7 Location -9/Mines Parts ------- > --- POWER (1) -------- (None) > --- PROPULSION (2) --- (None) > --- UTILITY (2) ------ (None) > --- WEAPON (2) ------- Firepult > --- INVENTORY (5) ---- Medium Storage Unit Large Storage Unit Peak State ------------ > --- POWER ------------ (None) > --- PROPULSION ------- (None) > --- UTILITY ---------- (None) > --- WEAPON ----------- Firepult > --- INVENTORY -------- Medium Storage Unit Large Storage Unit [Rating: 20] Favorites ----------- Power Ion Engine Engine Ion Engine Propulsion Light Treads Treads Light Treads Leg Aluminum Leg Utility Terrain Scanner Device Terrain Scanner Storage Small Storage Unit Weapon Mining Claw Energy Gun Medium Laser Energy Cannon Firepult Ballistic Gun Light Assault Rifle Slashing Weapon Mining Claw Build | -11 -10 -10 -10 -9 ------- Run | Scr Mat Min Exi Min Slots Evolved . | . . . . . Power . | . . . . . Propulsion . | . . . . . Utility . | . . . . . Weapon . | . . . . . Parts Attached 9 | 3 1 4 . 1 Power . | . . . . . Engine . | . . . . . Core . | . . . . . Reactor . | . . . . . Propulsion 2 | 2 . . . . Treads 2 | 2 . . . . Leg . | . . . . . Wheel . | . . . . . Hover . | . . . . . Flight . | . . . . . Utility 1 | . . 1 . . Device 1 | . . 1 . . Storage . | . . . . . Processor . | . . . . . Hackware . | . . . . . Protection . | . . . . . Artifact . | . . . . . Weapon 6 | 1 1 3 . 1 Energy Gun 2 | 1 . 1 . . Energy Cannon 1 | . . . . 1 Ballistic Gun 1 | . . 1 . . Ballistic Cannon . | . . . . . Launcher . | . . . . . Special Weapon . | . . . . . Impact Weapon . | . . . . . Slashing Weapon 2 | . 1 1 . . Piercing Weapon . | . . . . . Special Melee Weapon . | . . . . . Unidentified Prototypes . | . . . . . Parts Lost 4 | . . 4 . . Power . | . . . . . Propulsion 2 | . . 2 . . Utility 1 | . . 1 . . Weapon 1 | . . 1 . . Highest Loss Streak 3 | . . 3 . . To Critical Strikes 1 | . . 1 . . Average Slot Usage (%) 40 | . 57 47 28 23 Treads 13 | . 28 20 . . Device 3 | . . 7 . . Energy Gun 4 | . 24 3 . . Ballistic Gun 7 | . . 3 14 14 Slashing Weapon 11 | . 3 11 14 9 Naked Turns . | . . . . . Heaviest Build 4 | 3 4 4 3 3 Greatest Support 20 | 20 3 3 3 3 Greatest Overweight (x) 1 | . 1 1 . . Average Overweight (x) . | . . . . . Largest Inventory Capacity 8 | 8 5 5 5 5 Average Capacity 5 | 5 5 5 5 5 Most Carried 5 | 5 4 5 4 4 Average Carried 3 | 1 2 4 3 3 Final Capacity 5 | 5 5 5 5 5 Final Carried 4 | 1 4 3 4 2 Class Distribution -------------------- 100% | Mutant Dominant Class ---------------- Mutant | -10/Materials Mutant | -10/Mines Mutant | -10/Exiles Mutant | -9/Mines Resources | -11 -10 -10 -10 -9 ----------- Run | Scr Mat Min Exi Min Matter Collected 250 | 230 . 20 . . Remotely . | . . . . . Salvage Created 136 | 95 . 11 . 30 Parts 4 | 3 . 1 . . Haulers Intercepted . | . . . . . Recyclers Shooed . | . . . . . Parts Field Recycled . | . . . . . Retrieved Matter . | . . . . . Parts Self-Destructed . | . . . . . Prevented . | . . . . . Kills | -11 -10 -10 -10 -9 ------- Run | Scr Mat Min Exi Min Combat Hostiles Destroyed 3 | . . 1 . 2 Melee 1 | . . 1 . . Cannons 1 | . . . . 1 AOE 1 | . . . . 1 Classes Destroyed 3 | 1 . 1 . 1 Recycler 1 | 1 . . . . Swarmer 1 | . . 1 . . Assembled 2 | . . . . 2 Best Kill Streak 2 | 1 . 1 . 2 Combat Bots Only 2 | . . 1 . 2 Max Kills in Single Turn 2 | 1 . 1 . 2 Gunslinging . | . . . . . Exploded 1 | . . . . 1 Melee 1 | . . 1 . . Uniques/NPCs Destroyed . | . . . . . Combat | -11 -10 -10 -10 -9 -------- Run | Scr Mat Min Exi Min Damage Taken 717 | . 57 576 . 84 Core 261 | . 6 222 . 33 Absorbed by Shields . | . . . . . Core Remaining (%) 100 | 100 . . . . Volleys Fired 10 | 1 . 8 . 1 Largest 2 | 2 . 2 . 1 Hottest 250 | 90 . 70 . 250 Shots Fired 19 | 2 . 16 . 1 Gun 18 | 2 . 16 . . Cannon 1 | . . . . 1 Launcher . | . . . . . Special . | . . . . . Kinetic 8 | . . 8 . . Thermal 11 | 2 . 8 . 1 Explosive . | . . . . . Electromagnetic . | . . . . . Robot Hit Streak 3 | 2 . 3 . . Robot Miss Streak 7 | . . 3 . 7 Penetration Max . | . . . . . Secondary Targets . | . . . . . Shots Hit Robots 11 | 2 . 9 . . Core Hits 5 | 2 . . . 3 Critical Kills . | . . . . . Critical Parts Destroyed . | . . . . . Critical Strikes 1 | 1 . . . . Burn 1 | 1 . . . . Melee Attacks 1 | . . 1 . . Impact . | . . . . . Slashing 1 | . . 1 . . Piercing . | . . . . . Sneak Attacks 1 | . . 1 . . Combat Hostiles . | . . . . . Follow-up Attacks . | . . . . . Damage Inflicted 310 | 24 . 136 . 150 Guns 106 | 24 . 82 . . Cannons 54 | . . . . 54 Explosions 96 | . . . . 96 Melee 44 | . . 44 . . Ramming 10 | . . 10 . . Kinetic 30 | . . 30 . . Thermal 226 | 24 . 52 . 150 Explosive . | . . . . . Electromagnetic . | . . . . . Impact . | . . . . . Slashing 44 | . . 44 . . Piercing . | . . . . . Highest Corruption . | . . . . . Average Corruption . | . . . . . Corruption Purged . | . . . . . Corruption Blocked . | . . . . . Overload Shots . | . . . . . Overflow Damage 4 | . . 4 . . Projectiles . | . . . . . Explosions . | . . . . . Melee 4 | . . 4 . . Knockbacks . | . . . . . Impact . | . . . . . Kinetic . | . . . . . Secondary . | . . . . . Self-Inflicted Damage 37 | . . . . 37 Shots 2 | . . . . 2 Rammed 10 | . . 10 . . Targets Rammed 11 | . . 11 . . Kicked . | . . . . . Crushed 1 | . . 1 . . Highest Temperature 40 | 15 . 40 . . Average Temperature 20 | 10 . 21 . . Received Heat Transfer 9 | . . 9 . . Siege Activations . | . . . . . Robots Corrupted . | . . . . . Combat Hostiles . | . . . . . Parts Fried . | . . . . . Impact Corruptions . | . . . . . Robots Melted . | . . . . . Combat Hostiles . | . . . . . Parts Melted . | . . . . . Heat Transferred 924 | 136 . 148 . 640 Parts Sabotaged . | . . . . . Parts Stolen . | . . . . . Parts Stripped . | . . . . . Power Chain Reactions . | . . . . . Missiles Intercepted . | . . . . . Alert | -11 -10 -10 -10 -9 ------- Run | Scr Mat Min Exi Min Peak Influence 146 | 5 18 146 . . Initial 6 | . 3 6 . . Average 43 | 1 7 63 . . Maximum Alert Level . | . . . . . Low Security (%) 100 | 100 100 100 . 100 Level 1 . | . . . . . Level 2 . | . . . . . Level 3 . | . . . . . Level 4 . | . . . . . Level 5 . | . . . . . High Security . | . . . . . Max Security . | . . . . . Squads Dispatched . | . . . . . Investigation . | . . . . . Extermination . | . . . . . Reinforcement . | . . . . . Assault . | . . . . . Garrison . | . . . . . Intercept . | . . . . . Searches Triggered . | . . . . . Construction Impeded . | . . . . . Haulers Reinforced . | . . . . . Active Scanning Responses . | . . . . . Cargo Convoy Interrupts . | . . . . . Stealth | -11 -10 -10 -10 -9 --------- Run | Scr Mat Min Exi Min Distress Signals 3 | . 1 1 . 1 Communications Jammed . | . . . . . Distress Signals . | . . . . . Times Spotted 21 | . 4 10 . 7 Peak Tracking Total 13 | . 4 5 . 13 Tactical Retreats 3 | . . 2 . 1 Traps | -11 -10 -10 -10 -9 ------- Run | Scr Mat Min Exi Min Traps Triggered . | . . . . . Indirectly . | . . . . . Trap Hack Attempts . | . . . . . Triggered . | . . . . . Disarmed . | . . . . . Reprogrammed . | . . . . . Reused . | . . . . . Traps Extracted . | . . . . . Installed . | . . . . . Triggered . | . . . . . Machines | -11 -10 -10 -10 -9 ---------- Run | Scr Mat Min Exi Min Machines Disabled . | . . . . . Max in Single Turn . | . . . . . Machines Sabotaged . | . . . . . Garrisons Compromised . | . . . . . Overloaded Fab Kills . | . . . . . Hacking | -11 -10 -10 -10 -9 --------- Run | Scr Mat Min Exi Min Machines Accessed 2 | . . . 2 . Terminals . | . . . . . Fabricators . | . . . . . Repair Stations . | . . . . . Recycling Units . | . . . . . Scanalyzers . | . . . . . Garrison Access . | . . . . . Total Hacks 2 | . . . 2 . Successful 2 | . . . 2 . Failed . | . . . . . Catastrophic . | . . . . . Database Lockouts . | . . . . . Manual 2 | . . . 2 . Terminals . | . . . . . Fabricators . | . . . . . Repair Stations . | . . . . . Recycling Units . | . . . . . Scanalyzers . | . . . . . Garrison Access . | . . . . . Terminal Hacks 2 | . . . 2 . Record 1 | . . . 1 . EX-Prototype ID Bank 1 | . . . 1 . Fabricator Hacks . | . . . . . Repair Station Hacks . | . . . . . Recycling Unit Hacks . | . . . . . Scanalyzer . | . . . . . Garrison Access Hacks . | . . . . . Unauthorized Hacks . | . . . . . Terminals . | . . . . . Fabricators . | . . . . . Repair Stations . | . . . . . Recycling Units . | . . . . . Scanalyzers . | . . . . . Garrison Access . | . . . . . Data Cores Recovered . | . . . . . Used . | . . . . . Hacking Detections . | . . . . . Full Trace Events . | . . . . . Feedback Events . | . . . . . Feedback Blocked . | . . . . . Robot Schematics Acquired . | . . . . . Robots Built . | . . . . . Authchips . | . . . . . Time . | . . . . . Total Robot Build Rating . | . . . . . Part Schematics Acquired . | . . . . . Parts Built . | . . . . . Authchips . | . . . . . Time . | . . . . . Total Part Build Rating . | . . . . . Parts Repaired . | . . . . . Time . | . . . . . Parts Recycled . | . . . . . Recycled Matter . | . . . . . Retrieved Matter . | . . . . . Retrieved Components . | . . . . . Parts Scanalyzed . | . . . . . Part Schematics Acquired . | . . . . . Parts Damaged . | . . . . . Bothacking | -11 -10 -10 -10 -9 ------------ Run | Scr Mat Min Exi Min Used RIF Installer . | . . . . . Robots Hacked . | . . . . . Non-combat . | . . . . . Combat . | . . . . . Robot Hacks Applied . | . . . . . Relay Couplers Released . | . . . . . Fabnet Peak Effective % . | . . . . . Robots Rewired . | . . . . . Allies Hacked . | . . . . . Hacks Repelled . | . . . . . Allies | -11 -10 -10 -10 -9 -------- Run | Scr Mat Min Exi Min Total Allies . | . . . . . Largest Group . | . . . . . Highest-Rated Group . | . . . . . Highest-Rated Ally . | . . . . . Total Orders . | . . . . . Ally Attacks . | . . . . . Total Damage . | . . . . . Kills . | . . . . . Allies Corrupted . | . . . . . Allies Melted . | . . . . . Intel | -11 -10 -10 -10 -9 ------- Run | Scr Mat Min Exi Min Robot Analysis Total . | . . . . . Derelict Logs Recovered 1 | . . 1 . . Drone Launches . | . . . . . Drone Recoveries . | . . . . . Exploration | -11 -10 -10 -10 -9 ------------- Run | Scr Mat Min Exi Min Turns Passed 380 | 21 40 181 111 27 Spaces Moved 556 | 10 62 241 218 25 Core 554 | 8 62 241 218 25 Treads 2 | 2 . . . . Legs . | . . . . . Wheels . | . . . . . Hover . | . . . . . Flight . | . . . . . Fastest Speed 50 | 50 50 50 50 50 Average Speed 53 | 72 57 54 50 50 Slowest Speed 160 | 160 100 100 50 50 Overloaded Moves . | . . . . . Propulsion Burnouts . | . . . . . Robots Hopped . | . . . . . Cave-ins Triggered . | . . . . . Exploration Rate (%) 29 | 2 16 52 60 17 Regions Visited 4 Branch Regions 3 Pre-discovered Areas 1 | . . . 1 . Known Exits Taken . | . . . . . Unknown Exits Taken 4 | 1 1 1 1 . Scrap Searched 1 | . . 1 . . Spaces Dug . | . . . . . Terrain Destroyed 1 | . . . . 1 Melee . | . . . . . Projectile . | . . . . . AOE 1 | . . . . 1 Terrain Rammed . | . . . . . Walls Destroyed . | . . . . . Machines Disabled . | . . . . . Actions | -11 -10 -10 -10 -9 --------- Run | Scr Mat Min Exi Min Total 616 | 25 66 265 219 41 Wait 12 | . . . . 12 Move 552 | 9 61 240 217 25 Hop . | . . . . . Pick Up 4 | . 3 . 1 . Fast Attach 5 | 3 1 1 . . Attach 3 | . . 2 . 1 Detach 3 | 2 . 1 . . Swap 1 | . . 1 . . Drop 14 | 10 1 . 1 2 Fire 10 | 1 . 8 . 1 Melee 1 | . . 1 . . Ram . | . . . . . Kick . | . . . . . Crush 11 | . . 11 . . Escape Stasis . | . . . . . Rewire . | . . . . . Trap . | . . . . . Miscellaneous . | . . . . . Route ------- -11/Scrapyard -10/Materials -10/Mines -10/Exiles -9/Mines History --------- Turn | Location | Event 8 | -11/Scrapyard | Discovered new exit (range 2) 22 | -11/Scrapyard | Entered Materials 50 | -10/Materials | Discovered new exit (range 12) 62 | -10/Materials | Entered Mines 205 | -10/Mines | Core integrity fell below 50% 222 | -10/Mines | Core integrity fell below 20% 228 | -10/Mines | Lost 3 parts (2n1u) 241 | -10/Mines | Deemed a non-threat by the Exiles lab entrance 241 | -10/Mines | Discovered new exit (range 5) 243 | -10/Mines | Entered Exiles 256 | -10/Exiles | Met 8R-AWN 265 | -10/Exiles | Met EX-HEX 279 | -10/Exiles | Met EX-BIN 284 | -10/Exiles | Aligned with FarCom system 285 | -10/Exiles | Given EX-Vault access code 296 | -10/Exiles | Opened EX-Vault 299 | -10/Exiles | Found Firepult 310 | -10/Exiles | Warned to stay clear of 0b10 Research branches 315 | -10/Exiles | Build established: Mutant 318 | -10/Exiles | Exiles lab attacked by MAIN.C 327 | -10/Exiles | Learned location of Zion (-7) 347 | -10/Exiles | Discovered new exit (range 14) 354 | -10/Exiles | Left Exiles lab with Firepult 354 | -10/Exiles | Entered Mines 355 | -9/Mines | Assembled infested the area 360 | -9/Mines | Assisted by a Guerilla fighting off Assembled 361 | -9/Mines | Received a Rocket Launcher from a helpful Derelict 381 | -9/Mines | Destroyed self with Firepult Last Messages --------------- 00358_ X8-TP8(g): "Everyone knows a good old rocket launcher goes a long way." 00359_ X8-TP8(g): "Need to get rid of a swarm? Done. Need a big hole in the wall? Done." 00359_ 52-MO6(h): "I'll hold them off! Go on ahead or try to find another way!" 00359_ HV Slug penetrates as-63905. 00359_ as-63905 destroyed. 00360_ X8-TP8(g): "Need a small hole in the wall? Leave that to the mining laser wimps, I say!" 00360_ A derelict emerges from the shadows: "You need to get out of here! I've been tracking a group of Assembled to figure out where they're coming from, and they're closing on this area, come on!" 00361_ X8-TP8(g): "Would you like a rocket launcher? I know I would if I were you, so I'm going to lend you mine." 00361_ X8-TP8(g) slips back into the shadows. 00379_ Dropped Mining Claw. 00380_ Dropped Lgt. Assault Rifle. 00381_ as-20644 destroyed. 00381_ as-45962 destroyed. Map ----- +----------------------------------------------------+ | | | | | | | | | | | | | | | | | | | | | | | | | | | | | | | | | ????????????????????????????? | | ????????????????????????????? | | ????????????????????????????? | | ????????????????????????????? | | ????????????????????????????? | | ????????????????????????????? | | ??#####?????????????????????? | | ??# ##???####?????????????? | | ??# #??? ###???????????? | | ??#[@ #??? ##??????????? | | ??# % ##??? ###????????? | | ??#a% #???# ##???????? | | ??# a##?## #???????? | | ??# ### #???????? | | ??# #????????? | | ?## #????????? | | ?# ##?????? ? | | ?# ### ##???? ? | | ?## #### #??? | | ??## ## #?? ? | | ???## ## | | ????### | | ??????## ? | | ???????##### ] ## ? | | ???????????## #???? | | ????????????## ### | | ?????????????# | | ?????????????# | | ?????????????## #### % | | ??????????????######???? ## | | ??????????????????????????##? | | ????????????????????????????? | | ????????????????????????????? | | ????????????????????????????? | +----------------------------------------------------+ Best States ------------- Heat Dissipation 25 Energy Generation 5 Energy Capacity 100 Matter Stores 300 Matter Capacity 300 Sight Range 16 Terrain Scan Range 14 Terrain Scan Density 10 Evasion (%) 50 Recoil Reduction 2 Item Schematics ----------------- None Robot Schematics ------------------ None Fabricated ------------ Nothing Alien Tech Used ----------------- None Achievements -------------- None Challenges ------------ None Game ------ Seed MetafieldSmartbombBoregun Manual? 0 Play Time 00:06:24 Cumulative 170.4 hours Start 2022.12.31 @ 01:11:42 End 2022.12.31 @ 01:17:20 Sessions 1 Manual Loads 0 Difficulty Rogue Special Mode None Game No. 229 Rogue 229 Adventurer 0 Explorer 0 Win Type - Total 2 Types 1/0/0/1/0/0/0/0/0 Lore% 78 Gallery% 80 Achievement% 65 Wizard Run 0 Options --------- ASCII 0 Keyboard 0 Movement Numpad Keybinds 0 Fullscreen 2 Font 18/SmallcapsGlow Map View 76x50 Tactical HUD 1 Map Filters NONE Filters NONE Steam 1 RUN: 8b2c275d-f73b-45dd-8fbd-0b15eb13bcef